 Dungeon Crawl Stone Soup version 0.31-a0-986-g5e6e4ef867 (webtiles) character file.

Game seed: 16726168032268499030

1841 DocClef the Mimic (level 8, -2/54 HPs)
             Began as a Demonspawn Shapeshifter on Nov 5, 2023.
             Slain by a human
             ... wielding a +0 war axe
              (9 damage)
             ... in a bailey.
             The game lasted 00:06:58 (5898 turns).

DocClef the Mimic (Demonspawn Shapeshifter)         Turns: 5898, Time: 00:06:59

Health: -2/54      AC:  4    Str: 15 (16) XL:     8   Next: 87%
Magic:  8/8        EV:  6    Int:  9 (12) God:
Gold:   239        SH:  0    Dex: 12 (13) Spells: 7/7 levels left

rFire   . . .        C - melded +0 rapier (speed)
rCold   . . .        F - melded +0 kite shield
rNeg    + . .        l - +0 plate armour
rPois   .            (helmet restricted)
rElec   .            (no cloak)
rCorr   .            (gloves currently unavailable)
SInv    .            (no boots)
Will    +....        (no amulet) Stlth
                     y - +4 ring of protection
HPRegen 0.29/turn    D - ring of positive energy
MPRegen 0.11/turn

%: no passive effects
@: blade hands, enlightened, flying
A: horns 1, repulsion field 1, demonic guardian 1, demonic magic 1
a: Begin Untransformation


You were in a bailey.
You had blades for hands.
You visited 1 branch of the dungeon, and saw 7 of its levels.
You also visited: Bailey.

You collected 239 gold pieces.

Inventory:

Hand Weapons
 p - a +0 dagger of venom
 C - a +0 rapier of speed (melded)
Armour
 l - a +0 plate armour (worn)
 r - a +1 pair of gloves
 F - a +0 kite shield (melded)
Jewellery
 y - a +4 ring of protection (left blade hand)
 z - a ring of flight
 D - a ring of positive energy (right blade hand)
Talismans
 c - a beast talisman
 d - a flux talisman
 q - a blade talisman (active)
Wands
 w - a wand of charming (19)
 A - a wand of iceblast (14)
Scrolls
 a - a scroll of vulnerability {unknown}
 i - 7 scrolls of teleportation {unknown}
 o - 2 scrolls of identify {unknown}
 s - 2 scrolls of blinking {unknown}
 v - a scroll of poison {unknown}
 x - a scroll of brand weapon {unknown}
 B - a scroll of enchant armour {unknown}
 E - a scroll of amnesia {unknown}
Potions
 b - 3 potions of lignification
 g - a potion of might {unknown}
 h - a potion of ambrosia {unknown}
 j - 3 potions of haste {unknown}
 k - a potion of curing {unknown}
 m - a potion of cancellation {unknown}
 n - 2 potions of heal wounds {unknown}
 t - a potion of magic {unknown}
 u - a potion of mutation {unknown}


   Skills:
 - Level 1.0 Fighting
 - Level 1.7 Dodging
 - Level 2.6 Unarmed Combat
 + Level 10.1 Shapeshifting


You had 7 spell levels left.
You didn't know any spells.
Your spell library contained the following spells:

 Spells                   Type           Power      Damage    Failure   Level
 Frozen Ramparts          Ice            0%         1d1       100%        3
 Petrify                  Tmut/Erth      0%         N/A       100%        4
 Metabolic Englaciation   Hex/Ice        0%         N/A       100%        5


Dungeon Overview and Level Annotations

Branches:
Dungeon (7/15)             Bailey (1/1)
 Temple: D:4-7

Altars:
Nemelex Xobeh
Vehumet
Xom

Annotations:
D:7 Menkaure


Innate Abilities, Weirdness & Mutations

You have blades for hands.
You are incapable of wielding weapons or throwing items.
You have a pair of small horns on your head.
You are surrounded by a mild repulsion field. (EV +2)
A weak demonic guardian rushes to your aid.
Spells you cast may paralyse adjacent enemies.


Message History

There is an empty arch of ancient stone here.
You start resting.
HP restored.
As you open the door, it creaks loudly!
A hobgoblin comes into view. It is wielding a +0 hand axe.
You hear a shout! x4
A human comes into view. It is wielding a +0 heavy hand axe.
The human shouts!
A human comes into view. It is wielding a +0 war axe.
There is an open door here.
You closely miss the human.
A human comes into view. It is wielding a +0 war axe.
The human hits you with a +0 heavy hand axe.
You closely miss the human. You barely miss the human.
The human hits you with a +0 heavy hand axe!
The human hits you with a +0 heavy hand axe!
A demonic guardian appears!
The human hits you with a +0 war axe!
There is an open door, spattered with blood here.
The human attacks as it pursues you! The human hits you with a +0 war axe!!
* * * LOW HITPOINT WARNING * * *
A demonic guardian appears!
You are too injured to fight recklessly!
You barely miss the human. The human hits you with a +0 war axe.
* * * LOW HITPOINT WARNING * * *
The human hits your ufetubus with a +0 war axe!
Your ufetubus dies!
Your ufetubus disappears in a puff of smoke!
The human hits your iron imp with a +0 war axe.
Your iron imp misses the human.
Your iron imp hits the human but does no damage.
There is an empty arch of ancient stone here.
It was a potion of degeneration.
There was something very wrong with that liquid.
You feel weakened.
You feel dopey.
You feel clumsy.
Your iron imp closely misses the human.
It was a potion of enlightenment.
You feel very buoyant.
You fly up into the air.
The human hits you with a +0 war axe!
You die...

#...#
#...#
##...#
#..g.#
#p#+#
##.5.##
#..p..#
#.∩p∩.#
#..@..#
##...##
#####


You could see 3 humans, a hobgoblin and a friendly iron imp (summoned).

Vanquished Creatures
  A sky beast (D:6)
  2 black bears (D:6)
  6 ogres
  2 phantoms
  4 scorpions
  2 wights (D:6)
  An orc priest (D:6)
  2 hounds
  A jelly (D:5)
  A sleepcap (D:6)
  Ijyb (D:4)
  Terence (D:2)
  2 iguanas
  5 orc wizards
  4 adders
  3 gnolls (D:5)
  A worm (D:2)
  4 dart slugs
  14 orcs
  2 endoplasms
  4 giant cockroaches (D:1)
  11 goblins
  8 hobgoblins
  2 quokkas
  9 ball pythons
  3 bats
  4 frilled lizards
  4 kobolds
  3 rats
107 creatures vanquished.

Vanquished Creatures (collateral kills)
  A wight (D:6)
  A sleepcap (D:6)
2 creatures vanquished.

Grand Total: 109 creatures vanquished

Notes
Turn   | Place    | Note
-------+----------+-------------------------------------------
     0 | D:1      | DocClef the Demonspawn Shapeshifter began the quest for the
                  | Orb.
     0 | D:1      | Reached XP level 1. HP: 15/15 MP: 1/1
   103 | D:1      | Reached skill level 3 in Shapeshifting
   137 | D:1      | Gained mutation: You have a pair of small horns on your
                  | head. [demonic ancestry]
   137 | D:1      | Reached XP level 2. HP: 21/21 MP: 2/2
   409 | D:1      | Gained mutation: Spells you cast may paralyse adjacent
                  | enemies. [demonic ancestry]
   409 | D:1      | Reached XP level 3. HP: 26/26 MP: 3/3
   932 | D:2      | Reached skill level 4 in Shapeshifting
   948 | D:2      | Noticed Terence
   958 | D:2      | Killed Terence
   959 | D:2      | Reached XP level 4. HP: 27/32 MP: 4/4
  2140 | D:3      | Found a shimmering altar of Xom.
  2141 | D:3      | Found a radiant altar of Vehumet.
  2266 | D:4      | Noticed a scorpion
  2272 | D:4      | Killed a scorpion
  2273 | D:4      | Reached skill level 5 in Shapeshifting
  2273 | D:4      | Reached XP level 5. HP: 35/37 MP: 5/5
  2518 | D:4      | Reached skill level 6 in Shapeshifting
  2518 | D:4      | Reached XP level 6. HP: 33/43 MP: 6/6
  2649 | D:4      | Noticed Ijyb
  2662 | D:4      | Killed Ijyb
  3204 | D:5      | Entered Level 5 of the Dungeon
  3358 | D:5      | Gained mutation: You are surrounded by a mild repulsion
                  | field. (EV +2) [demonic ancestry]
  3358 | D:5      | Reached XP level 7. HP: 44/48 MP: 7/7
  3371 | D:5      | Reached skill level 7 in Shapeshifting
  4211 | D:6      | Reached skill level 8 in Shapeshifting
  4259 | D:6      | Gained mutation: A weak demonic guardian rushes to your
                  | aid. [demonic ancestry]
  4259 | D:6      | Reached XP level 8. HP: 29/54 MP: 8/8
  4900 | D:6      | Reached skill level 9 in Shapeshifting
  5197 | D:6      | Found a sparkling altar of Nemelex Xobeh.
  5616 | D:6      | Reached skill level 10 in Shapeshifting
  5786 | D:7      | Found a flagged portal.
  5791 | D:7      | Noticed Menkaure
  5794 | Bailey   | Entered a bailey
  5898 | Bailey   | Slain by a human

Illustrated notes

Levels and vault maps discovered:
D:1:      saegor_arrival_simple_e, layout_basic,
          nicolae_concentric_dashed_squares_wild, minmay_3d_cube
D:2:      layout_loops_ring, serial_glass, glass_columns_a, glass_columns_c,
          chequers_garden, uniq_terence
D:3:      layout_basic, zin_treasury, mainiacjoe_overflow_divided_tiny
D:4:      layout_loops_corners, uniq_ijyb
D:5:      layout_basic, nicolae_houndstooth_variations
D:6:      layout_loops_corners, mainiacjoe_overflow_cross_hatched
D:7:      layout_basic, minmay_temple_entry_tees, enter_bailey_1, uniq_menkaure,
          uniq_crazy_yiuf_cottage
Bailey:   bailey_axe_froggy_fort_hellmonk, bailey

Skill      XL: |  1  2  3  4  5  6  7  8 |
---------------+-------------------------+-----
Shapeshifting  | 3 4 5 6 8 10 | 10.1
Fighting       | |  1.0
Dodging        | |  1.7
Unarmed Combat | |  2.6

Action                     |  1- 3 |  4- 6 |  7- 9 || total
---------------------------+-------+-------+-------++-------
  Melee: Unarmed           |    54 |       |     9 ||    63
         Headbutt          |     8 |    27 |    42 ||    77
         Punch             |     3 |     2 |     1 ||     6
         Dagger            |    40 |   113 |       ||   153
         Rapier            |       |     2 |   180 ||   182
    Use: Potion            |       |       |     2 ||     2
 Armour: Animal skin       |    17 |       |       ||    17
         Plate armour      |    39 |   118 |   179 ||   336
  Dodge: Dodged            |    48 |    18 |    45 ||   111
  Block: Kite shield       |       |       |    13 ||    13
   Form: Blade             |       |       |     1 ||     1

Table legend: (Time is in decaauts)
 A = Elapsed time spent in this place.
 B = Non-inter-level travel time spent in this place.
 C = Inter-level travel time spent in this place.
 D = Time resting spent in this place.
 E = Time spent auto-exploring this place.
 F = Levels seen in this place.
 G = Mean time per level.
                   A        B        C        D        E       F      G
               +--------+--------+--------+--------+--------+-----+--------+
         Total |   5869 |   5704 |    165 |    968 |   3788 |   8 |  733.6 |
       Dungeon |   5765 |   5600 |    165 |    880 |   3788 |   7 |  823.6 |
        Bailey |    103 |    103 |      0 |     88 |      0 |   1 |  103.0 |
               +--------+--------+--------+--------+--------+-----+--------+

Top non-repeatable levels by time:
     D:6: 1457 daAuts
     D:4: 1166 daAuts
     D:5: 1100 daAuts
     D:2: 749 daAuts
     D:3: 737 daAuts
     D:1: 546 daAuts
  Bailey: 103 daAuts
     D:7: 7 daAuts
